 Dungeon Sprint DCSS version 0.31-a0-833-gc15d34cb79 (webtiles) character file.

Game seed: 6166847695689225172

6692 sircluck the Brawler (level 10, -18/119 HPs)
             Began as a Troll Berserker on Sept 25, 2023.
             Was the Champion of Trog.
             Demolished by a dire elephant (30 damage)
             ... in the Dungeon (Sprint III: "The Ten Rune Challenge").
             The game lasted 00:02:03 (702 turns).

sircluck the Brawler (Troll Berserker)               Turns: 702, Time: 00:02:04

Health: -18/119    AC:  4    Str: 31    XL:     10   Next: 74%
Magic:  8/8        EV: 13    Int:  3    God:    Trog [******]
Gold:   26         SH:  0    Dex:  9    Spells: 9/9 levels left

rFire   . .          .
                       - Unarmed
rCold   . . .        (no shield)
rNeg    . . .        a - +0 animal skin
rPois   .            (helmet restricted)
rElec   .            (no cloak)
rCorr   .            (gloves unavailable)
SInv    .            (boots unavailable)
Will    .....        (no amulet)
Stlth   +            (no ring)
HPRegen 1.19/turn    (no ring)
MPRegen 0.11/turn

%: no teleportation
@: no status effects
A: large, unfitting armour, claws 3, regeneration 1, shaggy fur 1, tough skin 1,
hooves 1, low MP 1, noise suppression
a: Renounce Religion, Berserk, Trog's Hand, Brothers in Arms


You were in the Dungeon.
You worshipped Trog.
Trog was exalted by your worship.
You visited 1 branch You collected 26 gold pieces.

Inventory:

Armour
 a - a +0 animal skin (worn)
Wands
 h - a wand of charming (7)
Scrolls
 g - a scroll of blinking
 i - a scroll of poison {unknown}
 j - 2 scrolls of identify
 l - a scroll of torment {unknown}
 m - a scroll of vulnerability {unknown}
Potions
 b - 2 potions of curing
 c - a potion of heal wounds
 d - a potion of haste
 e - 2 potions of magic
 f - a potion of berserk rage
 k - 6 potions of enlightenment


   Skills:
 + Level 13.1 Fighting
 + Level 13.0 Dodging
 + Level 15.2 Unarmed Combat


You had 9 spell levels left.
You didn't know any spells.
Your spell library was empty.

Dungeon Overview and Level Annotations

Branches:
Dungeon (1/1)

Altars:
Cheibriados
Dithmenos
Elyvilon
Fedhas
Gozag
Hepliaklqana
Kikubaaqudgha
Makhleb
Nemelex Xobeh
Okawaru
Qazlal
Ru
Sif Muna
Trog
Uskayaw
Vehumet
Wu Jian
Xom
Yredelemnul
Zin
The Shining One
Jiyva
Lugonu

Annotations:
D Gastronok


Innate Abilities, Weirdness & Mutations

You are too large for most types of armour.
You have claws for hands.
Your natural rate of healing is unusually fast.
You are covered in fur. (AC +1)
You have tough skin. (AC +1)
You have large cloven feet.
Your magical capacity is low. (-10% MP)
You passively dampen the noise of your surroundings.


Message History

You hear a splash.
You see here a +2 war axe.
Your Fighting skill increases to level 13!
Your Dodging skill increases to level 13!
Your Unarmed Combat skill increases to level 15!
Unknown command.
A nearby plant withers and dies.
The dire elephant tramples your troll!!!
Your troll holds its ground!
Your troll dies!
Your troll's corpse disappears in a puff of smoke!
Gastronok's eyestalks quiver as he mumbles some strange words.
You claw the dire elephant! Your claw misses the dire elephant.
The dire elephant is lightly wounded.
The dire elephant tramples you!!
You hold your ground!
The dire elephant trunk-slaps you but does no damage.
You completely miss the dire elephant. You kick the dire elephant.
The dire elephant is lightly wounded.
The dire elephant tramples you!!
You hold your ground!
The dire elephant trunk-slaps you!
You mangle the dire elephant!!
You kick the dire elephant, but do no damage.
The dire elephant is moderately wounded.
You barely miss the dire elephant.
You kick the dire elephant, but do no damage.
You claw the dire elephant, but do no damage.
The dire elephant is moderately wounded.
The dire elephant barely misses you. The dire elephant trunk-slaps you!
You scratch the dire elephant.
You kick the dire elephant, but do no damage.
The dire elephant is moderately wounded.
The dire elephant tramples you!!
* * * LOW HITPOINT WARNING * * *
You hold your ground!
The dire elephant misses you.
Gastronok chants a spell, wobbling all the while.
Gastronok puts on a burst of speed!
You barely miss the dire elephant. You kick the dire elephant!
The dire elephant is moderately wounded.
The dire elephant tramples you!!
You die...

▓....)#..~~~~♣♣.♣.'.⌠..
▓####'#..~≈≈~~~♣..#...#
▓)....#.~~≈~~~....#.⌠.#
▓.....#.~≈~~~.....#...#
▓.....#.~~~.......#)###
▓'#####...........#)::#
▓...........†.....#___#
▓▓▓▓▓▓▓▓▓▓▓▓▓▓▓▓▓▓▓▓▓▓▓
▓..rY@≈§~~~§~≈♣♣.....♣
▓.w.#~~§§§§§≈~♣♣.≈≈≈≈)
▓..P#≈.§§§§§§≈††.....#
▓..P#~≈§§§§§≈~♣♣♣♣♣♣♣#
▓..!#≈~~~~§§≈~♣ #
▓##+####+######


You could see Gastronok (swift), a dire elephant and a river rat (summoned).

Vanquished Creatures
  Erolcha (D)
  A deep elf pyromancer (D)
  2 cane toads (D)
  A komodo dragon (D)
  A rime drake (D)
  5 blink frogs (D)
  A shadow (D)
  A spatial vortex (D)
  2 redbacks (D)
  3 wandering mushrooms (D)
  A swamp drake (D)
  5 two-headed ogres (D)
  A water elemental (D)
  A necrophage (D)
  A jelly (D)
  A wizard (D)
  A necromancer (D)
  3 humans (D)
  A kobold demonologist (D)
  A phantom (D)
  2 endoplasms (D)
  2 rats (D)
38 creatures vanquished.

Vanquished Creatures (collateral kills)
  A dire elephant (D)
  2 elephants (D)
3 creatures vanquished.

Grand Total: 41 creatures vanquished

Notes
Turn   | Place    | Note
-------+----------+-------------------------------------------
     0 | D        | sircluck the Troll Berserker began the quest for the Orb.
     0 | D        | Reached XP level 1. HP: 22/22 MP: 0/0
    16 | D        | Reached ** piety under Trog
    43 | D        | Reached skill level 4 in Unarmed Combat
    43 | D        | Reached XP level 2. HP: 22/31 MP: 1/1
    75 | D        | Gained mutation: You are agile. (Dex +4, Str/Int -1)
                  | [potion of mutation]
    78 | D        | Lost mutation: You are agile. (Dex +4, Str/Int -1) [potion
                  | of mutation]
    78 | D        | Gained mutation: You have large cloven feet. [potion of
                  | mutation]
    78 | D        | Gained mutation: You are dopey. (Int -2) [potion of
                  | mutation]
    78 | D        | Gained mutation: You have an increased reservoir of magic.
                  | (+10% MP) [potion of mutation]
    79 | D        | Lost mutation: You are dopey. (Int -2) [potion of mutation]
    79 | D        | Lost mutation: You have an increased reservoir of magic.
                  | (+10% MP) [potion of mutation]
    79 | D        | Lost mutation: You have large cloven feet. [potion of
                  | mutation]
    80 | D        | Gained mutation: Your magical capacity is low. (-10% MP)
                  | [potion of mutation]
    80 | D        | Gained mutation: You passively dampen the noise of your
                  | surroundings. [potion of mutation]
    80 | D        | Gained mutation: You have large cloven feet. [potion of
                  | mutation]
    94 | D        | Noticed a water elemental
   100 | D        | Killed a water elemental
   100 | D        | Reached *** piety under Trog
   101 | D        | Reached skill level 5 in Unarmed Combat
   101 | D        | Reached XP level 3. HP: 38/40 MP: 1/1
   101 | D        | Reached XP level 4. HP: 46/49 MP: 2/2
   149 | D        | Found a glowing silver altar of Zin.
   149 | D        | Found a glowing golden altar of the Shining One.
   149 | D        | Found a white marble altar of Elyvilon.
   150 | D        | Noticed a deep elf pyromancer
   158 | D        | Killed a deep elf pyromancer
   159 | D        | Reached skill level 9 in Unarmed Combat
   159 | D        | Reached XP level 5. HP: 23/63 MP: 3/3
   159 | D        | Reached XP level 6. HP: 27/72 MP: 4/4
   205 | D        | Found a hide-covered altar of Uskayaw.
   205 | D        | Found an iron altar of Okawaru.
   205 | D        | Found a bloodstained altar of Trog.
   205 | D        | Found an ornate altar of the Wu Jian Council.
   205 | D        | Noticed a human
   205 | D        | Noticed a human
   210 | D        | Killed a human
   211 | D        | Reached XP level 7. HP: 62/80 MP: 5/5
   215 | D        | Killed a human
   215 | D        | Reached **** piety under Trog
   216 | D        | Reached skill level 10 in Unarmed Combat
   232 | D        | Found a basalt altar of Yredelemnul.
   232 | D        | Found a shadowy altar of Dithmenos.
   232 | D        | Found a sacrificial altar of Ru.
   259 | D        | Found a radiant altar of Vehumet.
   259 | D        | Found a shimmering blue altar of Sif Muna.
   259 | D        | Found an ancient bone altar of Kikubaaqudgha.
   260 | D        | Reached ***** piety under Trog
   262 | D        | Noticed a red devil
   274 | D        | Noticed a shadow
   277 | D        | Killed a shadow
   278 | D        | Reached XP level 8. HP: 62/92 MP: 6/6
   315 | D        | Received a gift from Trog
   320 | D        | Reached skill level 11 in Unarmed Combat
   369 | D        | Found a blossoming altar of Fedhas.
   369 | D        | Found a stormy altar of Qazlal.
   369 | D        | Found a snail-covered altar of Cheibriados.
   369 | D        | Found a burning altar of Makhleb.
   369 | D        | Found a shimmering altar of Xom.
   370 | D        | Found a hazy altar of Hepliaklqana.
   370 | D        | Found an opulent altar of Gozag.
   370 | D        | Found a sparkling altar of Nemelex Xobeh.
   370 | D        | Found a corrupted altar of Lugonu.
   370 | D        | Found a viscous altar of Jiyva.
   417 | D        | Noticed a two-headed ogre
   422 | D        | Killed a two-headed ogre
   423 | D        | Reached skill level 10 in Fighting
   442 | D        | Noticed Erolcha
   442 | D        | Noticed a two-headed ogre
   446 | D        | Killed Erolcha
   447 | D        | Reached skill level 10 in Dodging
   447 | D        | Reached skill level 12 in Unarmed Combat
   447 | D        | Reached XP level 9. HP: 94/102 MP: 7/7
   454 | D        | Killed a two-headed ogre
   459 | D        | Reached skill level 13 in Unarmed Combat
   468 | D        | Noticed a wandering mushroom
   474 | D        | Noticed a wandering mushroom
   476 | D        | Noticed a wandering mushroom
   480 | D        | Reached ****** piety under Trog
   480 | D        | Received a gift from Trog
   505 | D        | Killed a wandering mushroom
   541 | D        | Noticed a cane toad
   541 | D        | Noticed a komodo dragon
   541 | D        | Noticed a cane toad
   543 | D        | Killed a cane toad
   546 | D        | Killed a cane toad
   549 | D        | Killed a komodo dragon
   550 | D        | Reached XP level 10. HP: 98/115 MP: 8/8
   561 | D        | Received a gift from Trog
   562 | D        | Reached skill level 14 in Unarmed Combat
   684 | D        | Noticed an elephant
   684 | D        | Noticed an elephant
   688 | D        | Killed an elephant
   689 | D        | Noticed a dire elephant
   689 | D        | Noticed a dire elephant
   689 | D        | Noticed Gastronok
   690 | D        | Killed an elephant
   694 | D        | Killed a dire elephant
   694 | D        | Received a gift from Trog
   695 | D        | Reached skill level 15 in Unarmed Combat
   702 | D        | Demolished by a dire elephant

Illustrated notes

Levels and vault maps discovered:
D:        dungeon_sprint_mu [sprint_mu_entry_forest, sprint_mu_temple_rooms,
          sprint_mu_d1_spiders, sprint_mu_d2_genie, sprint_mu_d3_branching,
          sprint_mu_orc_legion, sprint_mu_elf_gauntlet, sprint_mu_hive_nellie,
          sprint_mu_lair_fedhas, sprint_mu_vaults_butterflies,
          sprint_mu_slime_circle, sprint_mu_swamp_cave, sprint_mu_snake_twists,
          sprint_mu_blade_basic, sprint_mu_crypt_fortress,
          sprint_mu_tomb_spiral, sprint_mu_vestibule_basic,
          sprint_mu_gehenna_hellfire, sprint_mu_dis_giant,
          sprint_mu_tartarus_statrot, sprint_mu_cocytus_islands, sprint_mu_zot1]

Skill      XL: |  1  2  3  4  5  6  7  8  9 10 |
---------------+-------------------------------+-----
Fighting       | 3 4 7 8 9 10 11 13 | 13.1
Dodging        | 3 4 7 8 9 10 11 13 | 13.0
Unarmed Combat | 4 5 9 10 12 13 15 | 15.2

Action                     |  1- 3 |  4- 6 |  7- 9 | 10-12 || total
---------------------------+-------+-------+-------+-------++-------
  Melee: Unarmed           |    22 |    12 |    63 |    34 ||   131
         Kick              |     1 |       |    22 |    14 ||    37
         Punch             |       |     1 |     8 |     3 ||    12
 Invoke: Berserk           |     1 |       |       |       ||     1
         Brothers in Arms  |       |       |       |     1 ||     1
    Use: Potion            |     4 |       |       |       ||     4
   Stab: Sleeping          |       |       |     1 |       ||     1
 Armour: Animal skin       |     7 |     7 |    27 |    28 ||    69
  Dodge: Dodged            |     8 |     4 |    27 |    19 ||    58

Table legend: (Time is in decaauts)
 A = Elapsed time spent in this place.
 B = Non-inter-level travel time spent in this place.
 C = Inter-level travel time spent in this place.
 D = Time resting spent in this place.
 E = Time spent auto-exploring this place.
 F = Levels seen in this place.
 G = Mean time per level.
                   A        B        C        D        E       F      G
               +--------+--------+--------+--------+--------+-----+--------+
         Total |    687 |    678 |      9 |    206 |    217 |   1 |  687.0 |
       Dungeon |    687 |    678 |      9 |    206 |    217 |   1 |  687.0 |
               +--------+--------+--------+--------+--------+-----+--------+

Top non-repeatable levels by time:
       D: 687 daAuts
